Map: Tropical Sacrifice

Players

GungFuBanDa - Winner!

  • Race: Protoss Protoss
  • Spawn Location: 7:00

Scarlett

  • Race: Zerg Zerg
  • Spawn Location: 1:00

Event: DreamHack SC2 Masters 2022 Atlanta (Offline)

VOD

Have the link to the VOD?

Description

Time

  • Played on: Nov. 18, 2022, 10:20 a.m.
  • Length: 12:45

All games in this series

Show
View Real Time Build Order
Export as new Build Order

GungFuBanDa Protoss - Winner!

Build Orders: 1 Gate Expand, Mass Adepts 

Get SALT Encoding   

  12  0:00  Probe  
  13  0:12  Probe  
  14  0:20  Pylon  
  14  0:24  Probe  
  15  0:38  Probe (Chrono Boost)  
  15  0:41  Gateway  
  16  0:47  Probe (Chrono Boost)  
  17  0:52  Probe (Chrono Boost)  
  17  0:53  Assimilator  
  18  1:04  Probe  
  19  1:17  Probe  
  20  1:29  Nexus  
  20  1:38  Cybernetics Core  
  20  1:42  Probe  
  21  1:49  Assimilator  
  21  1:54  Probe  
  21  1:56  Pylon  
  22  2:06  Probe (Chrono Boost)  
  23  2:14  Adept  
  23  2:15  Warp Gate  
  25  2:18  Probe (Chrono Boost)  
  26  2:27  Probe (Chrono Boost)  
  27  2:31  Twilight Council  
  27  2:37  Probe (Chrono Boost)  
  29  2:44  Stalker  
  29  2:45  Probe (Chrono Boost)  
  29  2:48  Probe (Chrono Boost)  
  32  2:52  Probe (Chrono Boost)  
  32  2:54  Probe (Chrono Boost)  
  32  2:58  Probe  
  34  3:01  Robotics Facility  
  34  3:04  Probe  
  36  3:07  Resonating Glaives (Chrono Boost)  
  36  3:10  Probe  
  37  3:16  Probe  
  37  3:17  Adept  
  40  3:24  Gateway  
  40  3:32  Gateway  
  40  3:35  Gateway  
  40  3:41  Gateway  
  40  3:47  Gateway  
  40  3:56  Warp Prism (Chrono Boost)  
  42  4:03  Adept  
  42  4:05  Probe, Pylon  
  42  4:08  Probe  
  46  4:15  Pylon  
  46  4:23  Probe x2  
  48  4:24  Adept  
  48  4:25  Adept  
  48  4:30  Pylon  
  52  4:47  Adept x5  
  52  4:48  Adept  
  52  4:50  Observer  
  65  5:09  Probe  
  65  5:11  Adept x6  
  70  5:40  Pylon  
  70  5:42  Nexus  
  70  5:45  Probe x2  
  70  5:50  Assimilator  
  70  5:58  Immortal  
  70  6:01  Probe x2 (Chrono Boost)  
  70  6:03  Gateway  
  76  6:05  Assimilator  
  76  6:08  Pylon  
  78  6:11  Probe (Chrono Boost)  
  78  6:13  Probe (Chrono Boost)  
  78  6:15  Forge  
  78  6:21  Blink (Chrono Boost)  
  78  6:22  Pylon  
  78  6:26  Probe x2  
  78  6:27  Sentry  
  78  6:28  Adept x2, Robotics Bay  
  85  6:36  Pylon  
  85  6:40  Protoss Ground Weapons Level 1 (Chrono Boost)  
  85  6:41  Probe (Chrono Boost)  
  80  6:48  Probe (Chrono Boost)  
  80  6:53  Probe (Chrono Boost)  
  80  6:59  Probe (Chrono Boost)  
  80  7:01  Probe x2 (Chrono Boost)  
  83  7:07  Probe x2 (Chrono Boost), Pylon  
  85  7:08  Pylon  
  85  7:12  Probe (Chrono Boost)  
  85  7:14  Sentry  
  85  7:15  Sentry, Stalker x2  
  94  7:19  Probe (Chrono Boost)  
  94  7:20  Probe (Chrono Boost)  
  96  7:23  Disruptor (Chrono Boost)  
  96  7:26  Probe x2  
  96  7:28  Probe  
  102  7:37  Assimilator  
  102  7:38  Probe, Assimilator  
  102  7:39  Pylon  
  102  7:42  Stalker  
  102  7:43  Stalker  
  107  7:52  Probe x2  
  107  7:53  Probe  
  107  7:54  Pylon  
  107  7:57  Shield Battery  
  110  7:58  Photon Cannon  
  110  8:01  Stalker x4  
  110  8:05  Disruptor  
  118  8:11  Probe x2  
  123  8:15  Pylon  
  123  8:16  Pylon  
  123  8:20  Stalker x3  
  123  8:21  Pylon  
  129  8:46  Probe  
  129  8:47  Stalker x7  
  139  8:55  Probe  
  140  8:56  Protoss Ground Weapons Level 2 (Chrono Boost)  
  140  9:00  Probe  
  141  9:06  Nexus  
  141  9:08  Shield Battery, Pylon  
  141  9:10  Photon Cannon  
  141  9:11  Disruptor  
  144  9:17  Photon Cannon  
  144  9:36  Stalker x6  
  144  9:37  Photon Cannon  
  156  9:38  Probe  
  156  9:43  Dark Shrine, Probe  
  158  9:47  Probe  
  158  9:49  Pylon  
  158  9:50  Gravitic Drive  
  159  10:01  Charge (Chrono Boost)  
  159  10:05  Templar Archives  
  159  10:14  Photon Cannon  
  159  10:15  Shield Battery  
  159  10:16  Probe  
  159  10:19  Gateway  
  159  10:20  Gateway  
  160  10:22  Gateway  
  160  10:23  Assimilator  
  160  10:24  Assimilator  
  158  10:30  Stalker x4  
  161  10:48  High Templar x2  
  161  10:49  High Templar  
  153  10:53  Archon  
  153  10:54  High Templar  
  153  10:55  Zealot x2  
  159  11:00  Archon  
  151  11:17  Probe  
  151  11:18  Probe x2  
  131  11:25  Zealot x3  
  131  11:30  Probe  
  131  11:32  Probe  
  133  11:34  Zealot x7  
  145  11:42  Probe (Chrono Boost)  
  145  11:43  Probe (Chrono Boost)  
  145  11:44  Probe (Chrono Boost)  
  145  11:45  Photon Cannon  
  141  11:47  Pylon  
  141  11:48  Probe (Chrono Boost)  
  144  11:55  Zealot x3, Dark Templar, Probe x2 (Chrono Boost)  
  144  11:56  Zealot x2  
  144  11:58  Probe (Chrono Boost)  
  144  11:59  High Templar x4  
  164  12:05  Probe  
  164  12:06  Probe x2  
  164  12:08  Pylon  
  167  12:09  Probe  
  167  12:10  Archon x2, Photon Cannon  
  167  12:11  Shield Battery  
  164  12:26  Zealot x4  
  166  12:31  Zealot x5  
  171  12:38  Probe x2 (Chrono Boost)  
Show
View Real Time Build Order
Export as new Build Order

Scarlett Zerg 

Build Orders: Hatch First 

Get SALT Encoding   

  12  0:00  Drone  
  13  0:12  Overlord  
  13  0:17  Drone  
  14  0:31  Drone x2  
  16  0:43  Drone  
  17  0:52  Hatchery  
  17  0:55  Drone  
  17  1:00  Drone  
  18  1:10  Extractor  
  17  1:14  Spawning Pool  
  17  1:18  Drone  
  17  1:21  Drone  
  18  1:29  Drone  
  19  1:39  Drone  
  20  1:49  Overlord  
  20  2:01  Queen  
  20  2:03  Zergling x2, Queen  
  20  2:04  Drone  
  26  2:11  Drone  
  26  2:13  Metabolic Boost  
  26  2:15  Drone  
  28  2:21  Zergling x2  
  29  2:27  Drone  
  30  2:36  Hatchery  
  29  2:42  Drone  
  30  2:46  Queen  
  30  2:49  Overlord  
  32  2:52  Drone  
  32  2:57  Drone x2  
  35  2:59  Drone  
  36  3:07  Queen  
  36  3:09  Overlord  
  38  3:13  Drone  
  38  3:14  Drone  
  38  3:17  Drone  
  38  3:18  Drone  
  42  3:20  Drone  
  42  3:22  Drone  
  44  3:29  Overlord  
  44  3:30  Drone  
  45  3:34  Queen  
  45  3:40  Drone x3  
  50  3:45  Drone  
  51  3:49  Queen  
  51  3:50  Spore Crawler  
  51  3:55  Drone x3  
  55  3:56  Drone  
  55  3:58  Drone  
  57  4:02  Drone  
  57  4:03  Drone  
  57  4:05  Drone x2  
  60  4:11  Overlord  
  60  4:16  Roach Warren  
  59  4:17  Zergling x6  
  59  4:19  Zergling x2  
  59  4:21  Spore Crawler  
  59  4:22  Zergling x2  
  64  4:24  Zergling x2  
  64  4:29  Zergling x2  
  64  4:30  Zergling x8  
  69  4:37  Extractor  
  68  4:39  Overlord  
  68  4:42  Zergling x10  
  73  4:57  Zergling x2, Queen, Overlord  
  73  4:58  Roach  
  73  4:59  Roach x2  
  80  5:07  Roach x2  
  80  5:08  Roach, Overlord  
  72  5:14  Roach x5  
  72  5:20  Extractor  
  83  5:21  Zergling x2, Roach x2  
  84  5:33  Zergling x14  
  88  5:50  Zergling x10  
  88  5:56  Drone x3  
  88  5:57  Drone x2  
  97  6:03  Drone  
  98  6:14  Overlord  
  98  6:20  Lair  
  98  6:21  Overlord  
  98  6:23  Extractor  
  98  6:24  Extractor  
  96  6:26  Overlord  
  96  6:27  Drone x2  
  98  6:35  Drone  
  98  6:36  Drone x8  
  104  6:43  Drone x3  
  102  6:49  Drone x3  
  103  6:56  Drone x2  
  103  6:58  Drone  
  106  7:06  Drone  
  106  7:07  Drone  
  108  7:14  Drone x10  
  118  7:19  Glial Reconstitution  
  118  7:20  Evolution Chamber  
  117  7:22  Overlord  
  117  7:23  Overlord  
  117  7:25  Overseer, Extractor  
  117  7:27  Overlord  
  115  7:34  Hatchery  
  114  7:37  Roach x3  
  114  7:38  Overlord  
  114  7:41  Overlord  
  114  7:43  Overlord x2  
  120  7:47  Overlord x5  
  120  7:48  Baneling Nest  
  120  7:49  Zerg Melee Weapons Level 1  
  119  7:52  Drone  
  119  7:56  Spire  
  119  8:03  Overseer  
  119  8:04  Drone  
  120  8:10  Drone x9  
  120  8:11  Drone x3  
  132  8:18  Roach x2  
  132  8:19  Ravager  
  141  8:20  Ravager x8  
  141  8:23  Zergling x4  
  146  8:30  Roach, Spine Crawler  
  147  8:38  Roach x8  
  159  8:45  Roach x3  
  157  8:49  Drone  
  157  8:50  Drone  
  157  8:52  Centrifugal Hooks  
  157  8:54  Drone x2  
  160  9:02  Drone x4  
  162  9:04  Zergling x4, Extractor  
  162  9:09  Zergling x16  
  171  9:14  Zergling x6  
  171  9:16  Extractor  
  173  9:23  Mutalisk x6  
  185  9:25  Mutalisk  
  193  9:38  Spine Crawler  
  193  9:39  Zergling x20  
  196  9:46  Zerg Melee Weapons Level 2  
  196  9:47  Infestation Pit  
  196  9:48  Evolution Chamber  
  196  9:52  Zerg Flyer Weapons Level 1  
  194  9:55  Zergling x10  
  194  9:58  Baneling x15  
  194  9:59  Zergling x2  
  197  10:00  Zergling x2  
  197  10:07  Hatchery  
  197  10:10  Spine Crawler  
  197  10:11  Zergling x8  
  200  10:14  Zerg Missile Weapons Level 1  
  200  10:22  Baneling x12  
  200  10:23  Baneling x4  
  200  10:27  Baneling  
  200  10:28  Baneling x6  
  200  10:35  Spore Crawler, Spine Crawler  
  199  10:38  Drone x2  
  199  10:39  Spore Crawler, Drone x2, Spine Crawler  
  199  10:40  Hive  
  199  10:42  Spore Crawler  
  189  10:51  Zergling x18  
  189  10:52  Zergling x2  
  195  10:57  Spine Crawler  
  195  11:00  Zergling x12  
  181  11:16  Zergling x24  
  181  11:17  Zergling x6  
  174  11:21  Zergling x2  
  148  11:27  Roach x6  
  151  11:33  Zergling x12  
  151  11:39  Roach x4  
  135  11:48  Roach x6  
  135  11:53  Zergling x6  
  146  11:57  Roach x3  
  146  11:58  Baneling x3  
  146  11:59  Baneling  
  152  12:06  Baneling x8  
  152  12:09  Zergling x2  
  152  12:10  Zergling x8  
  152  12:12  Baneling x4  
  152  12:13  Baneling  
  157  12:15  Roach  
  157  12:19  Roach x3  
  160  12:22  Roach  
  160  12:23  Roach  
Tags
 
Add a new tag
Caveats
  • Supply blocks, unpowered buildings, or Contaminate may cause inaccurate times.
  • Supply counts are checked every 10 seconds.